 Dungeon Crawl Stone Soup version 0.23.2-33-g5129a83184 (webtiles) character file.

Game seed: 13463376906814929594

5977 kae the Impaler (level 10, -6/82 HPs)
             Began as a Merfolk Gladiator on July 25, 2019.
             Was a Believer of Okawaru.
             Mangled by a shadow (28 damage)
             ... on level 11 of the Dungeon.
             The game lasted 00:11:50 (10510 turns).

kae the Impaler (Merfolk Gladiator)                Turns: 10510, Time: 00:11:50

Health: -6/82      AC:  8    Str: 14    XL:     10   Next: 84%
Magic:  13/13      EV: 19    Int: 10    God:    Okawaru [**....]
Gold:   324        SH:  0    Dex: 17    Spells: 9/9 levels left

rFire    . . .     SeeInvis .   A - +0 halberd
rCold    . . .     Gourm    .   (shield currently unavailable)
rNeg     . . .     Faith    .   b - +1 leather armour
rPois    +         Spirit   .   c - +0 helmet
rElec    .         Reflect  .   t - +0 cloak
rCorr    .         Harm     +   (no gloves)
MR       .....                  (no boots)
Stlth    +.........             F - amulet of harm
HPRegen  0.23/turn              B - ring of poison resistance
MPRegen  0.13/turn              E - +2 ring of protection

@: no status effects
A: change form in water, swift swim, stealthy swim
a: Heroism, Renounce Religion


You were on level 11 of the Dungeon.
You worshipped Okawaru.
Okawaru was pleased with you.
You were not hungry.

You visited 2 branches of the dungeon, and saw 12 of its levels.

You collected 418 gold pieces.
You spent 94 gold pieces at shops.

Inventory:

Hand Weapons
 a - a +1 trident
 A - a +0 halberd (weapon)
Missiles
 d - 3 throwing nets (quivered)
Armour
 b - a +1 leather armour (worn)
 c - a +0 helmet (worn)
 t - a +0 cloak (worn)
 C - a +0 buckler
Jewellery
 h - an uncursed ring of protection from cold
 l - an uncursed amulet of faith
 r - a +3 ring of strength
 y - a +2 ring of intelligence
 z - an uncursed ring of ice
 B - a ring of poison resistance (left hand)
 E - a +2 ring of protection (right hand)
 F - an amulet of harm (around neck)
Scrolls
 j - a scroll of amnesia
 k - 7 scrolls of remove curse
 m - 3 scrolls of enchant weapon
 o - 2 scrolls of teleportation
 s - 2 scrolls of magic mapping
 u - 2 scrolls of enchant armour
Potions
 e - 2 potions of flight
 g - a potion of agility
 i - a potion of cancellation
 n - a potion of lignification
 p - a potion of curing
 q - 2 potions of might
 v - a potion of resistance
 w - a potion of haste
 x - a potion of invisibility {unknown}
 H - a potion of mutation {unknown}
Comestibles
 f - 12 rations


   Skills:
 + Level 8.7 Fighting
 * Level 15.0 Polearms
 - Level 2.0 Throwing
 + Level 10.7 Dodging
 + Level 4.7 Invocations


You had 9 spell levels left.
You didn't know any spells.
Your spell library contained the following spells:

 Spells                   Type           Power        Failure   Level  Hunger
 Shock                    Conj/Air       #...         43%         1    ##.....
 Swiftness                Chrm/Air       #.......     58%         2    ###....
 Static Discharge         Conj/Air       #.......     82%         3    ####...
 Airstrike                Air            #.........   99%         4    #####..
 Lightning Bolt           Conj/Air       #.........   100%        5    ######.


Dungeon Overview and Level Annotations

Branches:
Dungeon (11/15)            Temple (1/1) D:4
   Lair: D:8-11         Orc: D:9-12

Altars:
Ashenzari
Cheibriados
Dithmenos
Elyvilon
Fedhas
Gozag
Hepliaklqana
Kikubaaqudgha
Makhleb
Nemelex Xobeh
Okawaru
Qazlal
Ru
Sif Muna
Trog
Uskayaw
Vehumet
Wu Jian
Xom
Yredelemnul
Zin
The Shining One

Shops:
D:4 ((*(   D:6 *

Annotations:
D:10 exclusion: electric eel
D:11 Nergalle


Message History

Your Polearms skill increases to level 15!
You feel a bit more experienced.
All of the chunks of flesh in your inventory have rotted away.
Deactivating autopickup; reactivate with Ctrl-A.
You barely miss something.
The shadow strikes at you from the darkness!
Reactivating autopickup.
You closely miss the shadow. The shadow hits you.
* * * LOW HITPOINT WARNING * * *
You hit the shadow but do no damage. The shadow hits you.
* * * LOW HITPOINT WARNING * * *
You closely miss the shadow. You hit the shadow.
The shadow is lightly damaged.
The shadow slips into darkness.
The shadow flickers and vanishes!
Deactivating autopickup; reactivate with Ctrl-A.
You miss something.
The shadow strikes at you from the darkness!
You die...

.........# #...........
.........# #...........
.........# #...........
.........# #....(......
........# +...........
........####...........
#.........######...
#.{.......# #...
#.@)......# #...
#.........# #...
#.........# #...
#.........# #...
#.........# #...
#....###+## .... #....#
#....# #....


There were no monsters in sight!

Vanquished Creatures
  Fannar (D:11)
  Maurice (D:11)
  Grinder (D:3)
  A hippogriff (D:9)
  A steam dragon (D:11)
  A black bear (D:9)
  A water moccasin (D:9)
  A sky beast (D:8)
  An ice beast (D:9)
  3 orc warriors
  4 ogres
  3 phantoms
  4 centaurs
  A big kobold (D:10)
  5 bullfrogs
  A water moccasin zombie (D:6)
  11 killer bees
  2 scorpions
  6 wights
  5 howler monkeys
  A bullfrog zombie (D:10)
  A quasit (D:5)
  8 jellies
  2 orc priests
  2 bullfrog skeletons
  3 hounds
  Crazy Yiuf (D:2)
  An iguana (D:5)
  Natasha (thrice) (D:2)
  3 orc wizards
  9 worker ants
  19 gnolls
  13 adders
  A howler monkey skeleton (D:6)
  2 shadow imps
  2 adder zombies
  An adder skeleton (D:9)
  A worm (D:2)
  3 dart slugs
  5 leopard geckos
  32 orcs
  7 giant cockroaches
  10 goblins
  3 hobgoblins
  10 jackals
  10 kobolds
  4 quokkas
  A ball python (D:3)
  6 bats
  4 frilled lizards
  2 quokka skeletons (D:4)
  5 rats
229 creatures vanquished.

Notes
Turn   | Place    | Note
-------+----------+-------------------------------------------
     0 | D:1      | kae the Merfolk Gladiator began the quest for the Orb.
     0 | D:1      | Reached XP level 1. HP: 16/16 MP: 1/1
   150 | D:1      | Reached XP level 2. HP: 5/23 MP: 2/2
   525 | D:1      | Reached skill level 5 in Polearms
   995 | D:2      | Reached XP level 3. HP: 20/28 MP: 3/3
   999 | D:2      | Noticed Natasha
  1192 | D:2      | Killed Natasha
  1295 | D:2      | Reached XP level 4. HP: 24/34 MP: 4/4
  1392 | D:2      | Noticed Natasha
  1402 | D:2      | Killed Natasha
  1402 | D:2      | Reached skill level 6 in Polearms
  1614 | D:2      | Reached skill level 5 in Dodging
  1614 | D:2      | Reached XP level 5. HP: 41/41 MP: 5/5
  1878 | D:2      | Noticed Natasha
  1902 | D:2      | Killed Natasha
  1902 | D:2      | Reached skill level 7 in Polearms
  2383 | D:2      | Found a runed translucent door.
  2384 | D:2      | Noticed Crazy Yiuf
  2496 | D:2      | Killed Crazy Yiuf
  2496 | D:2      | Reached XP level 6. HP: 19/48 MP: 3/6
  2766 | D:3      | Noticed an orc warrior
  3106 | D:3      | Killed an orc warrior
  3106 | D:3      | Reached skill level 8 in Polearms
  3386 | D:3      | Noticed Grinder
  3405 | D:3      | Paralysed by Grinder for 2 turns
  3417 | D:3      | Killed Grinder
  3417 | D:3      | Reached XP level 7. HP: 31/55 MP: 7/7
  3618 | D:3      | Reached skill level 9 in Polearms
  3936 | D:4      | Found Ceongicets's Antique Weapon Shop.
  3936 | D:4      | Found Doecidd's Antique Weapon Shop.
  3945 | D:4      | Found Rieli's Assorted Antiques.
  4183 | D:4      | Reached skill level 5 in Fighting
  4239 | D:4      | Bought a glowing coppery potion for 22 gold pieces
  4239 | D:4      | Bought a purple potion for 22 gold pieces
  4239 | D:4      | Bought a scroll of identify for 50 gold pieces
  4263 | D:4      | Reached XP level 8. HP: 45/62 MP: 8/8
  4402 | D:4      | Reached skill level 10 in Polearms
  4521 | D:4      | Found a staircase to the Ecumenical Temple.
  4572 | Temple   | Entered the Ecumenical Temple
  5430 | D:4      | Found Cyt Taloja's Antique Weapon Boutique.
  5643 | D:5      | Entered Level 5 of the Dungeon
  5748 | D:5      | Reached skill level 11 in Polearms
  6660 | D:6      | Reached XP level 9. HP: 71/71 MP: 9/9
  6698 | D:6      | Reached skill level 12 in Polearms
  7268 | D:6      | Found Geoptilu's Elemental Accessories.
  7296 | D:6      | Found an iron altar of Okawaru.
  7396 | D:6      | Became a worshipper of Warmaster Okawaru
  7513 | D:7      | You fall through a shaft for 3 floors!
  7513 | D:10     | Entered Level 10 of the Dungeon
  7520 | D:10     | Reached skill level 1 in Invocations
  7551 | D:10     | Reached skill level 13 in Polearms
  9131 | D:9      | Reached XP level 10. HP: 60/80 MP: 10/12
  9412 | D:9      | Reached * piety under Okawaru
  9611 | D:9      | Reached skill level 14 in Polearms
  9622 | D:9      | Reached skill level 10 in Dodging
 10170 | D:8      | You fall through a shaft for 3 floors!
 10189 | D:11     | Reached ** piety under Okawaru
 10224 | D:11     | Noticed Fannar
 10277 | D:11     | Killed Fannar
 10467 | D:11     | Noticed Nergalle
 10486 | D:11     | Noticed Maurice
 10504 | D:11     | Killed Maurice
 10504 | D:11     | Reached skill level 15 in Polearms
 10510 | D:11     | Mangled by a shadow

Skill      XL: |  1  2  3  4  5  6  7  8  9 10 |
---------------+-------------------------------+-----
Polearms       | 5 6 7 8 9 11 13 15 | 15.0
Fighting       | 3 4 5 6 7 8 |  8.7
Dodging        | 5 6 8 9 10 | 10.7
Invocations    | 2 4 |  4.7
Throwing       | |  2.0

Action                   |  1- 3 |  4- 6 |  7- 9 | 10-12 || total
-------------------------+-------+-------+-------+-------++-------
Melee: Trident           |    74 |   167 |   103 |       ||   344
       Halberd           |       |       |   378 |   246 ||   624
Invok: Heroism           |       |       |       |     3 ||     3
Evoke: Wand              |       |       |     1 |       ||     1
  Use: Scroll            |       |    10 |    11 |       ||    21
       Potion            |       |     1 |     6 |     1 ||     8
 Stab: Sleeping          |       |     1 |     2 |     2 ||     5
       Distracted        |       |       |       |     1 ||     1
  Eat: Chunk             |       |     8 |    12 |     4 ||    24
       Ration            |       |       |     2 |       ||     2
Armor: Leather armour    |    11 |    31 |    56 |    29 ||   127
       Skin              |       |       |    17 |       ||    17
Dodge: Dodged            |    38 |   114 |   320 |   156 ||   628
